 Dungeon Crawl Stone Soup version 0.27-a0-1196-g3e9cee4cb2 (webtiles) character file.

Game seed: 231300098461989623

54 mlvdm the Digger (level 3, -2/28 HPs)
             Began as a Gargoyle Earth Elementalist on May 28, 2021.
             Killed by divine providence
             ... invoked by an orc priest
              (9 damage)
             ... on level 3 of the Dungeon.
             The game lasted 00:03:30 (2423 turns).

mlvdm the Digger (Gargoyle Earth Elementalist)      Turns: 2423, Time: 00:03:31

Health: -2/28      AC:  9    Str: 11    XL:     3   Next: 91%
Magic:  7/7        EV: 11    Int: 16    God:
Gold:   3          SH:  0    Dex: 10    Spells: 3/7 levels left

rFire    . . .     SeeInvis .   i - +1 dagger (drain)
rCold    + . .     Faith    .   (no shield)
rNeg     + . .     Spirit   .   h - +1 leather armour {rC+}
rPois    ∞         Reflect  .   l - +0 helmet
rElec    +         Harm     .   e - +0 cloak
rCorr    .         Rampage  .   (no gloves)
Will     .....                  (no boots)
Stlth    ..........             (no amulet)
HPRegen  0.09/turn              m - ring of wizardry
MPRegen  0.10/turn              (no ring)

@: berserking, very quick
A: sickness immunity, AC +3, negative energy resistance 1, electricity
resistance, torment resistance 1, petrification resistance
a: no special abilities


You were on level 3 of the Dungeon.
You visited 1 branch of the dungeon, and saw 3 of its levels.

You collected 3 gold pieces.

Inventory:

Hand Weapons
 a - a +0 mace
 d - a +2 short sword of protection
 i - a +1 dagger of draining (weapon)
Missiles
 b - 75 stones
Armour
 c - a +0 robe
 e - a +0 cloak (worn)
 h - a +1 leather armour of cold resistance (worn)
 l - a +0 helmet (worn)
Jewellery
 m - a ring of wizardry (left hand)
Scrolls
 j - a scroll of teleportation
Potions
 g - a potion of attraction


   Skills:
 - Level 1.5 Dodging
 - Level 2.1 Stealth
 + Level 2.9 Spellcasting
 + Level 1.1 Conjurations
 - Level 0.7 Transmutations
 + Level 4.6 Earth Magic


You had 3 spell levels left.
You knew the following spells:

 Your Spells              Type           Power      Damage    Failure   Level
a - Sandblast             Erth           34%        2d9       1%          1
b - Stone Arrow           Conj/Erth      22%        3d8       9%          3

Your spell library contained the following spells:

 Spells                   Type           Power      Damage    Failure   Level
 Passwall                 Tmut/Erth      8%         N/A       5%          2
 Petrify                  Tmut/Erth      10%        N/A       32%         4
 Lee's Rapid Deconstruct  Erth           8%         3d8*      38%         5


Dungeon Overview and Level Annotations

Branches:
Dungeon (3/15)

Altars:

Shops:
D:1 *


Innate Abilities, Weirdness & Mutations

You are immune to sickness and miasma.
Your stone body is resilient. (AC +3)
You are immune to poison.
You resist negative energy. (rN+)
You are resistant to electric shocks. (rElec)
You are resistant to unholy torment.
You are immune to petrification.


Message History

There is a stone staircase leading up here.
Unknown command.
Unknown command.
Unknown command.
No target in view!
No target in view!
Found 18 gold pieces and a shiny ruby ring.
You see here a +0 cloak.
k - a scroll of identify
m - a ring of wizardry
m - a ring of wizardry (left hand)
As you read the scroll of identify, it crumbles to dust.
g - a potion of attraction Unknown command.
An orc comes into view. It is wielding a +0 whip.
The orc shouts!
You hear a shout! x2
A bullfrog comes into view.
An orc priest comes into view. It is wielding a +0 trident.
The bullfrog moves out of view.
An orc comes into view. It is wielding a +0 trident.
The orc shouts!
The bullfrog croaks.
The orc priest casts a cantrip, but nothing happens.
Found a stone staircase leading up.
The orc priest mumbles some strange prayers to Beogh against you.
Beogh smites you!
Ouch! That really hurt!
* * * LOW HITPOINT WARNING * * *
A worm comes into view.
You see here 18 gold pieces.
Unknown command.
A red film seems to cover your vision as you go berserk!
You feel yourself moving faster!
You feel mighty! The orc closely misses you.
You are too injured to fight recklessly!
You are too injured to fight recklessly!
You are too injured to fight recklessly!
You puncture the orc!
You kill the orc!
The orc priest invokes the aid of Beogh against you.
Beogh smites you!
You die...

#### ..# ### #.# ##.##
##.###...##
#.........#######w##.#
#.............@)..oo#
....#.#.....##..F......#
#####.##...[##.##.#.###.
#.................
....####.##.##....##
##.## #<##.# ..<.#
#.#......##.. ....#
##.#####.#### ....# #..


You could see a bullfrog, a worm, an orc priest and an orc.

Vanquished Creatures
  An adder (D:2)
  2 dart slugs (D:2)
  An orc (D:3)
  3 ball pythons
  2 endoplasms (D:1)
  5 giant cockroaches
  3 hobgoblins
  7 kobolds
  4 quokkas
  3 bats
  2 frilled lizards
  3 goblins
  4 rats
40 creatures vanquished.

Notes
Turn   | Place    | Note
-------+----------+-------------------------------------------
     0 | D:1      | mlvdm the Gargoyle Earth Elementalist began the quest for
                  | the Orb.
     0 | D:1      | Reached XP level 1. HP: 10/10 MP: 3/3
   298 | D:1      | Found Zuzulagg's General Store.
   484 | D:1      | Reached XP level 2. HP: 15/15 MP: 5/5
   582 | D:1      | Reached skill level 4 in Earth Magic
   869 | D:1      | Found a faded altar of an unknown god.
  1553 | D:1      | Reached XP level 3. HP: 10/19 MP: 2/6
  1557 | D:1      | Learned a level 3 spell: Stone Arrow
  1973 | D:2      | Reached skill level 1 in Conjurations
  2419 | D:3      | Noticed a bullfrog
  2423 | D:3      | Killed from afar by an orc priest

Illustrated notes

Levels and vault maps discovered:
D:1:      dpeg_arrival_arbitrary_c, layout_loops_corners, serial_shops,
          shop_fountains, ebering_ecumenical_altar_ruins, minmay_quantized
D:2:      layout_loops_ring, patterned_corridor
D:3:      layout_loops_ring, grunt_temple_overflow_forces_of_nature,
          nicolae_overflow_hidden_temple

Skill      XL: |  1  2  3 |
---------------+----------+-----
Earth Magic    | 4 |  4.6
Conjurations   | 1 |  1.1
Dodging        | |  1.5
Stealth        | |  2.1
Spellcasting   | |  2.9
Transmutations | |  0.7

Action                   || total
-------------------------++-------
Melee: Mace              ||    29
       Short sword       ||    35
       Dagger            ||     9
 Cast: Sandblast         ||    15
  Use: Scroll            ||     7
       Potion            ||     4
 Stab: Sleeping          ||     7
Armor: Robe              ||    32
       Leather armour    ||     3
Dodge: Dodged            ||    58

Table legend: (Time is in decaauts)
 A = Elapsed time spent in this place.
 B = Non-inter-level travel time spent in this place.
 C = Inter-level travel time spent in this place.
 D = Time resting spent in this place.
 E = Time spent auto-exploring this place.
 F = Levels seen in this place.
 G = Mean time per level.
                   A        B        C        D        E       F      G
               +--------+--------+--------+--------+--------+-----+--------+
         Total |   2419 |   2329 |     90 |    175 |   1785 |   3 |  806.3 |
       Dungeon |   2419 |   2329 |     90 |    175 |   1785 |   3 |  806.3 |
               +--------+--------+--------+--------+--------+-----+--------+

Top non-repeatable levels by time:
     D:1: 1672 daAuts
     D:2: 716 daAuts
     D:3: 30 daAuts
